3L
RICHARDSON CITY THUNDERCATS @ CHICAGO HAWKS
08/23/2019
 
TOP OF THE 1ST
Richardson City Thundercats batting - Pitching for Chicago Hawks : RHP Seth Rice
Pitching: RHP Seth Rice
Batting: RHB Charles Jordan 0-0: Swinging Strike
0-1: Foul Ball, location: 2F
0-2: Hit by Pitch
Batting: RHB Joey Jones 0-0: Ball
1-0: Ball
2-0: Called Strike
2-1: Called Strike
2-2: Strikes out looking
Batting: LHB Andrés Ibarra 0-0: Ball
1-0: Foul Ball, location: 2F
1-1: Ball
Charles Jordan steals 2nd base
2-1: Ball
3-1: Ground out 6-3 (Groundball, 6)
Batting: LHB Terrence Eler 0-0: Called Strike
0-1: Ground out U3 (Groundball, 3L)
Top of the 1st over - 0 run(s), 0 hit(s), 0 error(s), 1 left on base; Richardson City 0 - Chicago 0
BOTTOM OF THE 1ST
Chicago Hawks batting - Pitching for Richardson City Thundercats : LHP Javier Ramírez
Pitching: LHP Javier Ramírez
Batting: LHB Motoshige Kitamura 0-0: Ball
1-0: Called Strike
1-1: Ground out 4-3 (Groundball, 34)
Batting: LHB Bobby Moore 0-0: Foul Ball, location: 2F
0-1: Ball
1-1: Called Strike
1-2: Foul Ball, location: 2F
1-2: Ball
2-2: Foul Ball, location: 2F
2-2: Ground out 4-3 (Groundball, 4)
Batting: RHB Bryan Manning 0-0: Ball
1-0: Ground out 6-3 (Groundball, 6)
Bottom of the 1st over - 0 run(s), 0 hit(s), 0 error(s), 0 left on base; Richardson City 0 - Chicago 0
TOP OF THE 2ND
Richardson City Thundercats batting - Pitching for Chicago Hawks : RHP Seth Rice
Batting: RHB Robert O'Connor 0-0: Called Strike
0-1: Called Strike
0-2: Ball
1-2: Strikes out looking
Batting: RHB Jonathan Cook 0-0: Foul Ball, location: 2F
0-1: Called Strike
0-2: Strikes out looking
Batting: RHB Fernando López 0-0: Called Strike
0-1: Called Strike
0-2: Ball
1-2: Foul Ball, location: 2F
1-2: Foul Ball, location: 2F
1-2: Ground out 5-3 (Groundball, 5L)
Top of the 2nd over - 0 run(s), 0 hit(s), 0 error(s), 0 left on base; Richardson City 0 - Chicago 0
BOTTOM OF THE 2ND
Chicago Hawks batting - Pitching for Richardson City Thundercats : LHP Javier Ramírez
Now in LF: En-lai Gao
Batting: RHB Joe Guy 0-0: Ball
Reached via error on a dropped throw, E1
Batting: RHB Francisco González 0-0: Ball
1-0: Called Strike
1-1: Foul Ball, location: 2F
1-2: Foul Ball, location: 2F
1-2: Ball
Joe Guy steals 2nd base
2-2: SINGLE (Groundball, 56D)
Joe Guy to third
Runner from 3rd tries for Home, SAFE, no throw or cutoff
Batting: RHB Mitch Jensen 0-0: Ball
1-0: Fly out, F7 (Flyball, 78M)
Batting: RHB Steve Ormston 0-0: Ball
1-0: Called Strike
1-1: SINGLE (Line Drive, 4D)
Francisco González to second
Runner from 2nd tries for 3rd, SAFE, throw made to third
Batting: RHB Ted Young 0-0: Called Strike
0-1: Called Strike
0-2: Strikes out swinging
Batting: LHB Seth Rice 0-0: Called Strike
0-1: Ball
1-1: Ball
2-1: Ball
3-1: Foul Ball, location: 2F
3-2: Reached on error, E1 (Groundball, 15)
Francisco González scores
Steve Ormston to second
Batting: LHB Motoshige Kitamura 0-0: Called Strike
0-1: DOUBLE (Line Drive, 5)
Steve Ormston scores
Seth Rice to third
Runner from 3rd tries for Home, throw and OUT!
Bottom of the 2nd over - 3 run(s), 3 hit(s), 2 error(s), 1 left on base; Richardson City 0 - Chicago 3
TOP OF THE 3RD
Richardson City Thundercats batting - Pitching for Chicago Hawks : RHP Seth Rice
Batting: LHB Javier Ramírez 0-0: Foul Ball, location: 2F
0-1: Swinging Strike
0-2: Ball
1-2: Ball
2-2: Strikes out swinging
Batting: RHB Ray Porch 0-0: Foul Ball, location: 2F
0-1: Fly out, F8 (Line Drive, 8LM)
Batting: RHB Charles Jordan 0-0: Ball
1-0: Foul Ball, location: 2F
1-1: Foul Ball, location: 2F
1-2: Fly out, F4 (Popup, 4M)
Top of the 3rd over - 0 run(s), 0 hit(s), 0 error(s), 0 left on base; Richardson City 0 - Chicago 3
BOTTOM OF THE 3RD
Chicago Hawks batting - Pitching for Richardson City Thundercats : LHP Javier Ramírez
Batting: LHB Bobby Moore 0-0: Ball
1-0: Ball
2-0: Ball
3-0: Foul Ball, location: 2F
3-1: Called Strike
3-2: Base on Balls
Batting: RHB Bryan Manning 0-0: Called Strike
0-1: Fielders Choice at 2nd, 2-6 (Groundball, 2L)
Batting: RHB Joe Guy 0-0: Grounds into double play, 5-4-3 (Groundball, 5)
Bottom of the 3rd over - 0 run(s), 0 hit(s), 0 error(s), 0 left on base; Richardson City 0 - Chicago 3
TOP OF THE 4TH
Richardson City Thundercats batting - Pitching for Chicago Hawks : RHP Seth Rice
Batting: RHB Joey Jones 0-0: Called Strike
0-1: Ball
1-1: SINGLE (Line Drive, 34D)
Batting: LHB Andrés Ibarra 0-0: Ball
1-0: Ball
2-0: Called Strike
2-1: Called Strike
2-2: SINGLE (Groundball, 34S)
Joey Jones to second
Runner from 2nd tries for 3rd, SAFE, throw made to third
Batting: LHB Terrence Eler 0-0: Called Strike
0-1: Ball
1-1: Foul Ball, location: 2F
1-2: 3-RUN HOME RUN (Line Drive, 89XD), Distance : 381 ft
Batting: LHB En-lai Gao 0-0: SOLO HOME RUN (Flyball, 89XD), Distance : 373 ft
Batting: RHB Jonathan Cook 0-0: Ball
1-0: Ball
2-0: Ball
3-0: Called Strike
3-1: Fly out, F8 (Flyball, 8RXD)
Batting: RHB Fernando López 0-0: Ball
1-0: Fly out, F3 (Line Drive, 3S)
Batting: LHB Javier Ramírez 0-0: Foul Ball, location: 2F
0-1: SINGLE (Groundball, 56D)
Batting: RHB Ray Porch 0-0: Ball
1-0: Called Strike
1-1: Ball
2-1: Fly out, F8 (Line Drive, 8RS)
Top of the 4th over - 4 run(s), 5 hit(s), 0 error(s), 1 left on base; Richardson City 4 - Chicago 3
BOTTOM OF THE 4TH
Chicago Hawks batting - Pitching for Richardson City Thundercats : LHP Javier Ramírez
Batting: RHB Francisco González 0-0: Ball
1-0: Ball
2-0: Ball
3-0: Base on Balls
Batting: RHB Mitch Jensen 0-0: Called Strike
0-1: Ball
Wild Pitch!
Francisco González to second
1-1: Ball
2-1: Foul Ball, location: 2F
2-2: Foul Ball, location: 2F
2-2: Foul Ball, location: 2F
2-2: SINGLE (Flyball, 78S)
Francisco González to third
Runner from 3rd tries for Home, SAFE, throw made home
Mitch Jensen to second
Batting: RHB Steve Ormston 0-0: Ball
1-0: Ball
2-0: Called Strike
2-1: Ball
3-1: Called Strike
3-2: Ground out 6-3 (Groundball, 6)
Batting: RHB Ted Young 0-0: Swinging Strike
0-1: Ball
1-1: Swinging Strike
1-2: Strikes out looking
Pinch Hitting: RHB Ed Whitaker 0-0: Ball
1-0: Swinging Strike
1-1: Swinging Strike
1-2: Foul Ball, location: 2F
1-2: Ground out 5-3 (Groundball, 5)
Bottom of the 4th over - 1 run(s), 1 hit(s), 0 error(s), 1 left on base; Richardson City 4 - Chicago 4
TOP OF THE 5TH
Richardson City Thundercats batting - Pitching for Chicago Hawks : RHP Seth Rice
Pitching: RHP Martin Benthall
Batting: RHB Charles Jordan 0-0: Ball
1-0: Ball
2-0: Ball
3-0: Base on Balls
Batting: RHB Joey Jones 0-0: Ball
Charles Jordan is caught stealing 2nd base
1-0: Foul Ball, location: 2F
1-1: Ball
2-1: Ground out 1-3 (Groundball, 13)
Batting: LHB Andrés Ibarra 0-0: Foul Ball, location: 2F
0-1: SINGLE (Groundball, 34D)
Batting: LHB Terrence Eler 0-0: Called Strike
0-1: Foul Ball, location: 2F
0-2: Strikes out looking
Top of the 5th over - 0 run(s), 1 hit(s), 0 error(s), 1 left on base; Richardson City 4 - Chicago 4
BOTTOM OF THE 5TH
Chicago Hawks batting - Pitching for Richardson City Thundercats : LHP Javier Ramírez
Batting: LHB Motoshige Kitamura 0-0: Called Strike
0-1: Ball
1-1: Foul Ball, location: 2F
1-2: Foul Ball, location: 2F
1-2: Ball
2-2: Strikes out swinging
Batting: LHB Bobby Moore 0-0: Ground out 3-1 (Groundball, 34)
Batting: RHB Bryan Manning 0-0: Called Strike
0-1: Ball
1-1: Ball
2-1: Ball
3-1: Base on Balls
Batting: RHB Joe Guy 0-0: Called Strike
0-1: Ball
1-1: Swinging Strike
1-2: Strikes out swinging
Bottom of the 5th over - 0 run(s), 0 hit(s), 0 error(s), 1 left on base; Richardson City 4 - Chicago 4
TOP OF THE 6TH
Richardson City Thundercats batting - Pitching for Chicago Hawks : RHP Martin Benthall
Batting: LHB En-lai Gao 0-0: Ball
1-0: Ball
2-0: Ground out 3-1 (Groundball, 34)
Batting: RHB Jonathan Cook 0-0: Ball
1-0: Swinging Strike
1-1: Ball
2-1: Ball
3-1: Base on Balls
Batting: RHB Fernando López 0-0: Foul Ball, location: 2F
0-1: Ball
1-1: Called Strike
1-2: Grounds into double play, 6-4-3 (Groundball, 6)
Top of the 6th over - 0 run(s), 0 hit(s), 0 error(s), 0 left on base; Richardson City 4 - Chicago 4
BOTTOM OF THE 6TH
Chicago Hawks batting - Pitching for Richardson City Thundercats : LHP Javier Ramírez
Batting: RHB Francisco González 0-0: Ball
1-0: Ball
2-0: Ball
3-0: Base on Balls
Batting: RHB Mitch Jensen 0-0: Ball
1-0: Swinging Strike
1-1: Foul Ball, location: 2F
1-2: Ball
2-2: Strikes out swinging
Batting: RHB Steve Ormston 0-0: Fly out, F8 (Flyball, 89M)
Batting: RHB Ted Young 0-0: Ground out 1-3 (Groundball, 13)
Bottom of the 6th over - 0 run(s), 0 hit(s), 0 error(s), 1 left on base; Richardson City 4 - Chicago 4
TOP OF THE 7TH
Richardson City Thundercats batting - Pitching for Chicago Hawks : RHP Martin Benthall
Pitching: RHP Jesús González
Now in LF: Esteban Márquez
Batting: LHB Javier Ramírez 0-0: Ground out 6-3 (Groundball, 6M)
Pinch Hitting: RHB Júlio Morín 0-0: Ball
1-0: Called Strike
1-1: Ground out 6-3 (Groundball, 6)
Batting: RHB Charles Jordan 0-0: Called Strike
0-1: Called Strike
0-2: Foul Ball, location: 2F
0-2: Strikes out swinging
Top of the 7th over - 0 run(s), 0 hit(s), 0 error(s), 0 left on base; Richardson City 4 - Chicago 4
BOTTOM OF THE 7TH
Chicago Hawks batting - Pitching for Richardson City Thundercats : LHP Javier Ramírez
Now at 2B: Júlio Morín
Batting: SHB Esteban Márquez 0-0: Called Strike
0-1: Ball
1-1: Fly out, F7 (Flyball, 7D)
Batting: LHB Motoshige Kitamura 0-0: Ball
1-0: Ball
2-0: Ball
3-0: Called Strike
3-1: Base on Balls
Pinch Hitting: LHB Mal Wadley 0-0: Fielders Choice at 2nd, 1-6 (Groundball, 15)
Batting: RHB Bryan Manning 0-0: SINGLE (Flyball, 78S)
Mal Wadley to second
Batting: RHB Joe Guy 0-0: Foul Ball, location: 2F
0-1: Ball
1-1: Ground out 5-3 (Groundball, 5S)
Bottom of the 7th over - 0 run(s), 1 hit(s), 0 error(s), 2 left on base; Richardson City 4 - Chicago 4
TOP OF THE 8TH
Richardson City Thundercats batting - Pitching for Chicago Hawks : RHP Jesús González
Now at 1B: Paul Wilson
Batting: RHB Joey Jones 0-0: Swinging Strike
0-1: Ball
1-1: Fly out, F9 (Flyball, 9S)
Batting: LHB Andrés Ibarra 0-0: Ball
1-0: Called Strike
1-1: Ground out 5-3 (Groundball, 5S)
Batting: LHB Terrence Eler 0-0: Ball
1-0: Swinging Strike
1-1: Ball
2-1: Swinging Strike
2-2: Ball
3-2: Foul Ball, location: 2F
3-2: Base on Balls
Batting: LHB En-lai Gao 0-0: Ball
Terrence Eler is caught stealing 2nd base
Top of the 8th over - 0 run(s), 0 hit(s), 0 error(s), 0 left on base; Richardson City 4 - Chicago 4
BOTTOM OF THE 8TH
Chicago Hawks batting - Pitching for Richardson City Thundercats : LHP Javier Ramírez
Batting: RHB Francisco González 0-0: Ball
1-0: Foul Ball, location: 2F
1-1: Ball
2-1: Ground out 6-3 (Groundball, 6M)
Pitching: RHP Stanley Neal
Pinch Hitting: RHB Cliff Dixon 0-0: Called Strike
0-1: Ball
1-1: Ground out 5-3 (Groundball, 56)
Batting: RHB Steve Ormston 0-0: Foul Ball, location: 2F
0-1: Ground out 6-3 (Groundball, 6)
Bottom of the 8th over - 0 run(s), 0 hit(s), 0 error(s), 0 left on base; Richardson City 4 - Chicago 4
TOP OF THE 9TH
Richardson City Thundercats batting - Pitching for Chicago Hawks : RHP Jesús González
Pitching: RHP Kent Hubbard
Batting: LHB En-lai Gao 0-0: Ball
1-0: Called Strike
1-1: Foul Ball, location: 2F
1-2: Ground out 4-3 (Groundball, 4)
Batting: RHB Jonathan Cook 0-0: Fly out, F8 (Flyball, 8LS)
Batting: RHB Fernando López 0-0: Ball
1-0: Swinging Strike
1-1: Called Strike
1-2: Ball
2-2: Strikes out swinging
Top of the 9th over - 0 run(s), 0 hit(s), 0 error(s), 0 left on base; Richardson City 4 - Chicago 4
BOTTOM OF THE 9TH
Chicago Hawks batting - Pitching for Richardson City Thundercats : RHP Stanley Neal
Pitching: RHP Dave Reed
Batting: RHB Ted Young 0-0: Swinging Strike
0-1: Foul Ball, location: 2F
0-2: Ball
1-2: Foul Ball, location: 2F
1-2: Ball
2-2: Foul Ball, location: 2F
2-2: Ball
3-2: Ground out 6-3 (Groundball, 6M)
Batting: SHB Esteban Márquez 0-0: Ground out 1-3 (Groundball, 15)
Batting: LHB Motoshige Kitamura 0-0: Ball
1-0: Foul Ball, location: 2F
1-1: Ground out 1-3 (Groundball, 23)
Bottom of the 9th over - 0 run(s), 0 hit(s), 0 error(s), 0 left on base; Richardson City 4 - Chicago 4
TOP OF THE 10TH
Richardson City Thundercats batting - Pitching for Chicago Hawks : RHP Kent Hubbard
Pinch Hitting: RHB Manuel Romo 0-0: Ball
1-0: Ball
2-0: Ground out 1-3 (Groundball, 13)
Batting: RHB Júlio Morín 0-0: Fly out, F7 (Flyball, 78M)
Batting: RHB Charles Jordan 0-0: Ball
1-0: Ball
2-0: Called Strike
2-1: Foul Ball, location: 2F
2-2: Strikes out swinging
Top of the 10th over - 0 run(s), 0 hit(s), 0 error(s), 0 left on base; Richardson City 4 - Chicago 4
BOTTOM OF THE 10TH
Chicago Hawks batting - Pitching for Richardson City Thundercats : RHP Dave Reed
Pitching: RHP Adrián Muńíz
Batting: LHB Paul Wilson 0-0: Ball
1-0: Ball
2-0: Fly out, F7 (Flyball, 7S)
Batting: RHB Bryan Manning 0-0: Ball
1-0: Ball
2-0: Swinging Strike
2-1: Foul Ball, location: 2F
2-2: Foul Ball, location: 2F
2-2: Ball
3-2: Base on Balls
Batting: RHB Joe Guy 0-0: Called Strike
0-1: Called Strike
0-2: Ball
1-2: Ball
2-2: Foul Ball, location: 2F
2-2: Ball
3-2: SINGLE (Groundball, 34D)
Bryan Manning to second
Batting: RHB Francisco González 0-0: Ball
1-0: SINGLE (Groundball, 13) (infield hit)
Bryan Manning to third
Joe Guy to second
Batting: LHB Kent Hubbard 0-0: Foul Ball, location: 2F
0-1: Foul Ball, location: 2F
0-2: Ball
1-2: Ball
2-2: Ball
3-2: Fly out, F5 (Line Drive, 5F)
Batting: RHB Steve Ormston 0-0: Foul Ball, location: 2F
0-1: SINGLE (Groundball, 6MD)
Bryan Manning scores
This league is powered by Out of the Park Baseball, the baseball management simulation game for PC, Mac and Linux
Saturday, July 25th, 2015 - OOTP Baseball 15.6 Build 34